Map: Stasis LE

Players

oscarafaelo - Winner!

  • Race: Terran Terran
  • League: Bronze
  • Spawn Location: 1:00

Smileblind

  • Race: Protoss Protoss
  • League: Silver
  • Spawn Location: 11:00

VOD

Have the link to the VOD?

Description

Time

  • Played on: Jan. 10, 2019, 7:03 p.m.
  • Length: 25:51
Show
View Real Time Build Order
Export as new Build Order

oscarafaelo Terran - Winner!

Build Orders:  

Get SALT Encoding   

  12  0:11  Supply Depot  
  12  0:14  SCV  
  13  0:32  SCV  
  14  0:37  Barracks  
  14  0:44  SCV  
  15  0:56  SCV  
  16  0:57  Supply Depot  
  16  1:09  SCV  
  17  1:21  SCV  
  18  1:26  Refinery, Barracks  
  18  1:29  Marine  
  19  1:36  Orbital Command  
  19  1:47  Marine  
  20  1:56  Supply Depot  
  20  2:07  Marine  
  21  2:19  Marine  
  21  2:21  SCV  
  23  2:30  Command Center  
  23  2:33  SCV  
  23  2:36  Marine x2  
  26  2:45  SCV  
  27  2:54  Marine x2  
  27  2:55  Supply Depot  
  27  2:58  SCV  
  30  3:10  SCV  
  30  3:12  Marine x2  
  33  3:18  Supply Depot  
  33  3:22  SCV  
  32  4:27  Factory, Barracks Reactor  
  32  4:32  Orbital Command  
  32  4:41  SCV  
  33  4:46  Refinery, Marine  
  34  4:53  SCV  
  35  5:03  Marine  
  35  5:05  SCV  
  37  5:09  Marine x2  
  39  5:15  Barracks  
  39  5:18  SCV x2  
  41  5:26  Barracks Reactor  
  41  5:27  Factory Tech Lab, Marine x2  
  43  5:30  SCV  
  43  5:31  SCV  
  45  5:42  SCV  
  46  5:43  SCV  
  46  5:45  Marine x2  
  49  5:53  Siege Tank  
  49  5:54  SCV  
  49  5:55  SCV  
  54  6:02  Marine  
  54  6:03  Marine  
  56  6:06  SCV  
  56  6:07  SCV  
  58  6:12  Command Center  
  58  6:14  Marine x2  
  61  6:18  SCV, Engineering Bay  
  61  6:20  Refinery  
  61  6:22  Refinery  
  61  6:25  Siege Tank  
  61  6:26  Barracks Tech Lab  
  61  6:29  Starport  
  61  6:32  Marine x2  
  64  6:36  SCV  
  67  6:48  SCV  
  67  6:50  Marine x2  
  67  6:53  Missile Turret  
  70  7:21  Supply Depot  
  70  7:24  SCV, Marine x2  
  70  7:26  Missile Turret  
  70  7:27  Orbital Command  
  70  7:29  Missile Turret  
  73  7:35  Missile Turret  
  73  7:44  Supply Depot  
  73  8:03  Starport Tech Lab  
  73  8:05  Supply Depot  
  73  8:08  Missile Turret  
  73  8:16  Starport  
  73  8:41  Supply Depot, Marine x3  
  73  8:42  Marine x2  
  73  8:45  Missile Turret  
  73  8:47  Bunker  
  73  8:48  SCV  
  79  8:59  Marine x4  
  79  9:00  SCV  
  84  9:03  Starport Tech Lab  
  84  9:04  Armory, Cloaking Field  
  84  9:07  Banshee  
  87  9:12  SCV  
  87  9:15  Supply Depot  
  88  9:21  Missile Turret  
  88  9:24  SCV  
  89  9:35  Refinery  
  89  9:36  SCV  
  90  9:39  Supply Depot, Refinery  
  90  9:50  Banshee  
  90  9:51  Combat Shield  
  93  9:53  Terran Infantry Weapons Level 1  
  93  9:59  Factory, Banshee  
  96  10:00  Sensor Tower  
  96  10:10  Fusion Core  
  96  10:11  Supply Depot  
  96  10:26  Missile Turret  
  96  10:31  Marine x5  
  96  10:33  Supply Depot  
  101  10:42  Banshee, Viking  
  104  10:48  Marine, Sensor Tower  
  104  10:49  Marine  
  108  11:02  Factory Tech Lab  
  108  11:04  Factory  
  108  11:07  Supply Depot  
  107  11:12  Viking  
  107  11:16  Sensor Tower  
  102  11:25  Viking  
  102  11:31  Supply Depot  
  102  11:37  Marine x5  
  107  11:47  Hi-Sec Auto Tracking  
  107  11:48  Missile Turret  
  107  11:53  Missile Turret  
  107  11:54  Marine  
  108  12:05  Ghost Academy  
  108  12:17  Command Center  
  108  12:21  Missile Turret  
  108  12:26  Barracks  
  108  12:30  Factory  
  108  13:24  Barracks Reactor  
  108  13:25  Missile Turret  
  108  13:30  Barracks  
  108  13:31  Refinery  
  108  13:41  Factory Tech Lab, Thor  
  114  13:53  Refinery  
  114  13:54  Marine  
  114  13:55  Marine x4  
  118  13:56  Missile Turret  
  119  14:12  Marine x2  
  119  14:13  Marine x2  
  123  14:21  Barracks Reactor  
  123  14:24  Thor  
  129  14:33  Personal Cloaking  
  129  14:36  Orbital Command  
  129  14:40  Marine x3  
  129  14:41  Marine x2, Command Center  
  129  14:43  Terran Infantry Weapons Level 2  
  134  14:55  Ghost Academy  
  134  14:58  Marine x4  
  134  14:59  Marine  
  139  15:07  Thor  
  139  15:14  Refinery  
  138  15:15  Refinery  
  129  15:25  Raven x2  
  133  15:36  Ghost Academy  
  133  15:42  Ghost  
  135  15:46  Thor  
  141  15:59  Nuke  
  141  16:07  Ghost Academy  
  141  16:08  Raven  
  141  16:10  Ghost  
  145  16:39  Ghost  
  147  16:49  Nuke  
  147  16:51  Nuke x2  
  147  16:55  Ghost Academy  
  147  17:07  Ghost  
  149  17:14  Ghost Academy  
  149  17:25  Missile Turret  
  149  17:36  Ghost  
  151  17:38  Nuke  
  151  17:44  Ghost Academy  
  151  17:47  Nuke  
  151  17:54  Orbital Command  
  129  18:31  Ghost Academy, Nuke  
  127  19:27  Marine x3  
  121  19:45  Marine x3  
  122  19:52  Marine x2  
  116  20:03  Marine x3  
  113  20:10  Marine x2  
  113  20:13  Nuke x4  
  113  20:14  Nuke x4  
  115  20:20  Marine  
  115  20:21  Marine x2  
  117  20:28  Marine x2  
  120  20:38  Marine x2  
  120  20:39  Marine  
  123  20:46  Marine x2  
  112  22:09  Marine x5  
  109  22:26  Marine  
  109  22:27  Marine x2  
  112  22:30  Marine  
  105  22:44  Marine  
  105  22:45  Marine x5  
  105  22:49  Hellbat  
  109  23:02  Marine  
  109  23:03  Marine x3  
  110  23:11  Hellbat  
  104  23:20  Marine x2  
  104  23:21  Marine x2  
Show
View Real Time Build Order
Export as new Build Order

Smileblind Protoss 

Build Orders:  

Get SALT Encoding   

  12  0:02  Probe  
  14  0:14  Probe  
  14  0:23  Pylon  
  14  0:26  Probe  
  15  0:39  Assimilator  
  15  0:41  Assimilator, Probe  
  16  0:51  Probe  
  17  0:58  Gateway  
  17  0:59  Probe  
  18  1:07  Probe  
  18  1:16  Forge  
  19  1:26  Probe, Pylon  
  20  1:35  Probe  
  21  1:43  Probe  
  21  1:47  Cybernetics Core  
  21  1:50  Zealot  
  21  1:53  Probe  
  25  2:07  Gateway  
  25  2:27  Photon Cannon  
  25  2:28  Adept  
  25  2:31  Photon Cannon  
  27  2:44  Warp Gate  
  27  2:56  Adept  
  29  3:16  Nexus  
  29  3:21  Sentry  
  31  3:28  Pylon  
  31  3:34  Pylon  
  31  3:46  Stalker  
  33  3:49  Gateway  
  33  3:51  Gateway  
  33  4:07  Photon Cannon  
  33  4:15  Photon Cannon  
  29  4:25  Photon Cannon, Probe  
  29  4:27  Probe  
  31  4:37  Probe  
  32  4:39  Probe  
  32  4:42  Zealot  
  35  4:49  Zealot  
  37  4:52  Zealot  
  39  5:01  Stalker  
  41  5:10  Shield Battery  
  41  5:16  Shield Battery  
  41  5:24  Robotics Facility, Probe  
  41  5:26  Probe  
  43  5:36  Probe  
  43  5:38  Probe  
  43  5:41  Protoss Ground Weapons Level 1  
  45  5:46  Protoss Air Weapons Level 1  
  45  5:48  Probe, Twilight Council  
  46  5:51  Probe  
  47  6:05  Pylon  
  47  6:06  Charge  
  47  6:08  Probe x2  
  47  6:09  Pylon  
  49  6:20  Probe  
  49  6:22  Immortal  
  54  6:29  Probe  
  55  6:40  Photon Cannon  
  55  6:45  Photon Cannon  
  55  6:48  Assimilator  
  55  6:49  Probe x2  
  55  6:52  Assimilator  
  57  7:01  Probe  
  58  7:02  Probe  
  58  7:03  Immortal  
  63  7:09  Pylon  
  63  7:18  Templar Archives  
  63  7:22  Stargate  
  63  7:25  Stargate  
  63  7:30  Probe  
  64  7:38  Probe  
  65  7:47  Psionic Storm  
  65  7:48  Probe  
  65  7:49  Nexus  
  66  8:00  Probe  
  66  8:01  High Templar  
  66  8:02  High Templar  
  66  8:03  High Templar  
  66  8:05  Sentry  
  75  8:12  Pylon, Probe  
  76  8:14  Pylon  
  76  8:16  Pylon  
  76  8:23  Void Ray  
  80  8:33  Shield Battery  
  80  8:34  Shield Battery  
  80  8:41  Gateway  
  80  8:45  Gateway, Protoss Ground Weapons Level 2  
  80  8:54  Dark Shrine  
  80  9:00  Probe  
  80  9:08  Probe  
  81  9:16  Robotics Bay  
  82  9:17  Probe  
  82  9:22  Robotics Facility  
  83  9:28  Void Ray  
  83  9:29  Probe  
  88  9:38  Void Ray  
  88  9:40  Probe  
  93  9:48  Probe  
  94  9:56  Photon Cannon, Extended Thermal Lance, Probe  
  94  9:57  Photon Cannon  
  94  10:02  Photon Cannon  
  94  10:05  Probe  
  95  10:13  Probe  
  96  10:20  Colossus  
  103  10:22  Probe  
  103  10:25  Dark Templar  
  106  10:34  High Templar, Probe  
  107  10:44  Assimilator  
  107  10:46  Probe  
  108  10:51  Void Ray  
  100  11:26  Void Ray  
  100  11:31  Zealot x4  
  100  11:32  Zealot x2  
  116  11:34  Void Ray  
  120  11:40  Assimilator  
  120  11:44  Pylon  
  120  11:47  Pylon  
  120  11:48  Shield Battery  
  120  11:51  Shield Battery  
  120  11:55  Shield Battery  
  120  11:58  Shield Battery  
  120  12:05  Colossus  
  126  12:08  Void Ray  
  126  12:11  Probe  
  131  12:16  Protoss Ground Weapons Level 3  
  131  12:17  Void Ray  
  131  12:19  Probe  
  135  12:28  Probe  
  137  12:41  Probe  
  137  12:44  Dark Templar  
  140  12:53  Probe  
  141  13:44  Pylon  
  141  13:45  Pylon  
  141  13:47  Pylon  
  141  14:02  Stargate, Immortal, Void Ray  
  149  14:03  Probe  
  149  14:05  Pylon  
  149  14:06  Warp Prism  
  149  14:07  Pylon  
  152  14:13  Dark Templar x2  
  152  14:15  Probe  
  152  14:16  Stalker x2  
  161  14:17  Stalker  
  161  14:18  Stalker  
  165  14:28  Probe  
  165  14:29  Photon Cannon  
  166  14:42  Immortal, Fleet Beacon  
  166  14:44  Immortal  
  174  15:03  Dark Templar x2  
  174  15:04  Dark Templar  
  180  15:48  Pylon  
  180  15:50  Pylon  
  180  15:52  Pylon  
  180  15:54  Pylon  
  180  16:02  Nexus  
  180  16:06  Immortal  
  184  16:12  Gateway  
  184  16:14  Gateway  
  184  16:16  Gateway  
  184  16:18  Gateway  
  184  16:20  Gateway  
  184  16:26  Pylon x2  
  184  16:39  Photon Cannon  
  184  16:41  Photon Cannon  
  184  16:43  Photon Cannon  
  184  16:45  Immortal  
  184  16:46  Protoss Air Weapons Level 2  
  188  16:50  Photon Cannon  
  188  16:51  Protoss Ground Armor Level 1  
  188  16:52  Photon Cannon  
  188  16:54  Photon Cannon  
  188  16:58  Shield Battery  
  188  17:00  Shield Battery  
  188  17:03  Shield Battery  
  188  17:06  Shield Battery  
  188  17:07  Void Ray x2  
  196  17:12  Shield Battery  
  196  17:15  High Templar x2  
  170  18:26  Mothership  
  174  18:42  Colossus  
  174  18:45  Protoss Shields Level 1  
  180  18:54  Dark Templar x2  
  180  18:55  Dark Templar x4  
  188  18:56  Dark Templar  
  188  18:59  Archon  
  188  19:00  Archon  
  194  19:06  Dark Templar x2  
  170  19:36  Colossus  
  164  20:20  Probe  
  147  20:30  Immortal  
  147  20:32  Probe  
  148  20:44  Probe  
  148  20:47  Pylon  
  148  20:49  Pylon, Zealot x2  
  153  20:50  Zealot x4  
  153  20:54  High Templar x2  
  153  20:56  Probe  
  166  21:09  Immortal  
Tags
 
Matchup
PvT
Spawn Locations
Close Positions
Add a new tag
Caveats
  • Supply blocks, unpowered buildings, or Contaminate may cause inaccurate times.
  • Supply counts are checked every 10 seconds.